 Dungeon Crawl Stone Soup version 0.30-a0-393-g54b8e3be05 (webtiles) character file.

Game seed: 567452278090159637

185 PimpSugar the Magician (level 5, -3/35 HPs)
             Began as a Demonspawn Hedge Wizard on Dec 6, 2022.
             Was a Follower of Vehumet.
             Slain by an ogre
             ... wielding a +0 giant club
              (15 damage)
             ... on level 3 of the Dungeon.
             The game lasted 00:10:43 (3258 turns).

PimpSugar the Magician (Demonspawn Hedge Wizard)    Turns: 3258, Time: 00:10:44

Health: -3/35      AC:  3    Str: 11    XL:     5   Next: 37%
Magic:  7/12       EV: 27    Int: 17    God:    Vehumet [*.....]
Gold:   123        SH:  0    Dex: 12    Spells: 6/13 levels left

rFire   . . .      SeeInvis .    f - +0 sling
rCold   . . .      Faith    .    (no shield)
rNeg    . . .      Spirit   .    b - +0 robe
rPois   .          Reflect  .    c - +0 hat
rElec   .          Harm     .    t - +0 cloak
rCorr   .          Rampage  .    (no gloves)
Will    .....                    (no boots)
Stlth   ++........               o - amulet of the acrobat
HPRegen 0.25/turn                (no ring)
MPRegen 0.13/turn                (no ring)

@: acrobatic, very slightly contaminated
A: foul stench 2, demonic magic 1
a: Renounce Religion


You were on level 3 of the Dungeon.
You worshipped Vehumet.
Vehumet was aware of your devotion.
You visited 1 branch of the dungeon, and saw 4 of its levels.

You collected 123 gold pieces.

Inventory:

Hand Weapons
 a - a +0 dagger
 f - a +0 sling (weapon)
Missiles
 n - 8 stones
 q - 3 atropa-tipped darts
 w - 7 poisoned darts
Armour
 b - a +0 robe (worn)
 c - a +0 hat (worn)
 t - a +0 cloak (worn)
Jewellery
 o - an amulet of the acrobat (around neck)
Scrolls
 e - 2 scrolls of fear {unknown}
 g - a scroll of blinking {unknown}
 h - 2 scrolls of enchant armour {unknown}
 j - a scroll of identify {unknown}
 l - a scroll of teleportation {unknown}
 m - a scroll of amnesia {unknown}
 p - a scroll of vulnerability {unknown}
 r - a scroll of torment {unknown}
 s - a scroll of immolation {unknown}
 u - a scroll of magic mapping {unknown}
 v - a scroll of poison {unknown}
Potions
 d - a potion of magic
 i - 2 potions of curing {unknown}
 k - a potion of lignification {unknown}


   Skills:
 - Level 1.7 Dodging
 - Level 1.7 Stealth
 * Level 4.7 Spellcasting
 + Level 1.9 Conjurations
 + Level 1.9 Summonings
 + Level 1.9 Translocations
 + Level 1.0 Earth Magic


You had 6 spell levels left.
You knew the following spells:

 Your Spells              Type           Power      Damage    Failure   Level
a - Magic Dart            Conj           40%        1d5       7%          1
b - Call Imp              Summ           10%        N/A       10%         2
c - Sandblast             Erth           14%        2d6       10%         1
d - Stone Arrow           Conj/Erth      16%        3d8       24%         3

Your spell library contained the following spells:

 Spells                   Type           Power      Damage    Failure   Level
 Shock                    Conj/Air       28%        1d4       10%         1
 Blink                    Tloc           20%        N/A       10%         2
 Slow                     Hex            16%        N/A       14%         1
 Passwall                 Tmut/Erth      4%         N/A       19%         2
 Cigotuvi's Dreadful Rot  Necr/Pois/Air  8%         N/A       22%         2
 Mephitic Cloud           Conj/Pois/Air  6%         N/A       34%         3
 Animate Armour           Summ/Erth      18%        N/A       63%         4
 Disjunction              Tloc           5%         N/A       100%        8


Dungeon Overview and Level Annotations

Branches:
Dungeon (4/15)
 Temple: D:4-7

Altars:
Hepliaklqana
Nemelex Xobeh
Vehumet

Shops:
D:4 *


Innate Abilities, Weirdness & Mutations

You sometimes emit foul miasma when damaged in melee.
Spells you cast may paralyse adjacent enemies.


Message History

The ogre is lightly wounded.
Malevolent energies surge around you.
Casting: Sandblast (safe; 10% risk of failure)
Confirm with . or Enter, or press ? or * to list all spells.
A shadowy apparition takes form in the air.
Malevolent energies surge around you.
Casting: Call Imp (safe; 10% risk of failure)
Confirm with . or Enter, or press ? or * to list all spells.
The spell is quite dangerous to miscast (24% risk of failure)!
Continue anyway?
Aiming: Stone Arrow (quite dangerous; 24% risk of failure)
Press: ? - help, Shift-Dir - straight line, f/p - ogre
Aim: an ogre, wielding a +0 giant club (lightly wounded, ally target, 83% to hit)
You miscast Stone Arrow.
You are very lightly contaminated with residual magic.
You feel a strange surge of energy!
An orc comes into view. It is wielding a +0 whip.
The ogre barely misses you.
Casting: Stone Arrow (quite dangerous; 24% risk of failure)
Confirm with . or Enter, or press ? or * to list all spells.
You don't know that spell.
Casting: Stone Arrow (quite dangerous; 24% risk of failure)
Confirm with . or Enter, or press ? or * to list all spells.
Aiming: Sandblast (safe; 10% risk of failure)
Press: ? - help, Shift-Dir - straight line, f/p - ogre
Aim: an ogre, wielding a +0 giant club (lightly wounded, ally target, 91% to hit)
You miscast Sandblast.
Nothing appears to happen.
An orc comes into view. It is wielding a +0 club.
Your shadow imp gestures at the ogre.
The ogre struggles to resist.
The ogre hits you with a +0 giant club!!
Ouch! That really hurt!
* * * LOW HITPOINT WARNING * * *
Your shadow imp completely misses the ogre.
You climb upwards.
Your summoned ally is left behind.
There is a stone staircase leading down here.
The ogre completely misses you. The ogre attacks as you move away!
The ogre completely misses you. The ogre attacks as you move away!
The ogre completely misses you. The ogre attacks as you move away!
The ogre hits you with a +0 giant club!
You die...

.##.#.#.#.# #>.# #.###.###
.##.#.#.#.####..# #.....#
.##....[........# ###.#####
>......).)#####.## #.#....
#####.#)[........# ###.#.###
##....#)..#####..########...#.###
.......................#.><......
##.####†#######.O...<.........###
#.# #.# ##@###...#......# #.# #.#
#.##.....#...#.### #.# #.#
#.#........)...... #.#
#.########.#........###.... #.#
#......)...........## ##### #.#
##########..#.....## ### #.#
##.##...## ##.# #.# ###.###..#
#.#. ##.# #...[....# ##.#


You could see an ogre.

Vanquished Creatures
  An orc priest (D:3)
  4 adders
  A worm (D:2)
  2 dart slugs (D:3)
  6 orcs (D:3)
  5 bats
  6 endoplasms
  3 giant cockroaches
  5 goblins
  6 hobgoblins
  4 jackals (D:1)
  3 quokkas
  A ball python (D:3)
  3 frilled lizards
  6 kobolds
  6 rats
62 creatures vanquished.

Vanquished Creatures (collateral kills)
  Jessica (D:2)
  A worm (D:2)
  A dart slug (D:3)
  2 orcs (D:3)
  A bat (D:2)
  A hobgoblin (D:2)
  2 jackals (D:1)
9 creatures vanquished.

Grand Total: 71 creatures vanquished

Notes
Turn   | Place    | Note
-------+----------+-------------------------------------------
     0 | D:1      | PimpSugar the Demonspawn Hedge Wizard began the quest for
                  | the Orb.
     0 | D:1      | Reached XP level 1. HP: 13/13 MP: 4/4
   321 | D:1      | Got Sif Muna's Volume of Dusty Wanderlust
   436 | D:1      | Gained mutation: You may rarely emit foul miasma when
                  | damaged in melee. [demonic ancestry]
   436 | D:1      | Reached XP level 2. HP: 19/19 MP: 3/6
   891 | D:1      | Reached skill level 4 in Spellcasting
   931 | D:1      | Learned a level 2 spell: Call Imp
  1050 | D:1      | Gained mutation: Spells you cast may paralyse adjacent
                  | enemies. [demonic ancestry]
  1050 | D:1      | Reached XP level 3. HP: 24/24 MP: 3/8
  1464 | D:2      | Reached skill level 1 in Translocations
  1527 | D:2      | Found a radiant altar of Vehumet.
  1554 | D:2      | Became a worshipper of Vehumet
  1642 | D:2      | Learned a level 1 spell: Sandblast
  1721 | D:2      | Reached XP level 4. HP: 29/30 MP: 8/10
  1730 | D:2      | Noticed Jessica
  1736 | D:2      | Killed Jessica
  2441 | D:3      | Found a hazy altar of Hepliaklqana.
  2443 | D:3      | Found a sparkling altar of Nemelex Xobeh.
  2445 | D:3      | Found a radiant altar of Vehumet.
  2775 | D:3      | Gained mutation: You sometimes emit foul miasma when
                  | damaged in melee. [demonic ancestry]
  2775 | D:3      | Reached XP level 5. HP: 24/35 MP: 3/11
  2872 | D:3      | Reached * piety under Vehumet
  2872 | D:3      | Offered knowledge of Shock by Vehumet.
  2889 | D:3      | HP: 1/35 [orc/+0 flail (7)]
  2997 | D:3      | Learned a level 3 spell: Stone Arrow
  3043 | D:3      | Reached skill level 1 in Earth Magic
  3241 | D:4      | Noticed an ogre
  3241 | D:4      | Found Duluph's General Store.
  3258 | D:3      | Slain by an ogre

Illustrated notes

Levels and vault maps discovered:
D:1:      scummos_arrival_star, layout_loops_corners
D:2:      layout_rooms, basic_altar, uniq_jessica
D:3:      layout_loops_ring, grunt_temple_overflow_open, nrook_mini_backslash
D:4:      layout_basic, minmay_temple_entry_water_ring,
          nicolae_ossuary_entry_giza, skrybe_limestone_x, nicolae_stop_n_shop_1,
          chequers_avenue, hangedman_decor_riveting, minmay_joined_circles

Skill      XL: |  1  2  3  4  5 |
---------------+----------------+-----
Spellcasting   | 4 |  4.7
Translocations | 1 |  1.9
Earth Magic    | 1 |  1.0
Dodging        | |  1.7
Stealth        | |  1.7
Conjurations   | |  1.9
Summonings     | |  1.9

Action                   |  1- 3 |  4- 6 || total
-------------------------+-------+-------++-------
Melee: Dagger            |     4 |       ||     4
 Fire: Sling             |    64 |    46 ||   110
Throw: Stone             |     9 |       ||     9
 Cast: Magic Dart        |    60 |    67 ||   127
       Call Imp          |     6 |     6 ||    12
       Sandblast         |       |     5 ||     5
  Use: Potion            |     1 |     2 ||     3
Armor: Robe              |    21 |     5 ||    26
Dodge: Dodged            |    74 |    35 ||   109

Table legend: (Time is in decaauts)
 A = Elapsed time spent in this place.
 B = Non-inter-level travel time spent in this place.
 C = Inter-level travel time spent in this place.
 D = Time resting spent in this place.
 E = Time spent auto-exploring this place.
 F = Levels seen in this place.
 G = Mean time per level.
                   A        B        C        D        E       F      G
               +--------+--------+--------+--------+--------+-----+--------+
         Total |   3304 |   3220 |     84 |    215 |   2173 |   4 |  826.0 |
       Dungeon |   3304 |   3220 |     84 |    215 |   2173 |   4 |  826.0 |
               +--------+--------+--------+--------+--------+-----+--------+

Top non-repeatable levels by time:
     D:1: 1469 daAuts
     D:3: 1136 daAuts
     D:2: 692 daAuts
     D:4: 6 daAuts
